 Dungeon Crawl Stone Soup version 0.24.0-1-gfbc8707122 (webtiles) character file.

Game seed: 1741809433190065310, levelgen mode: deterministic

28 Monsterracer the Ruffian (level 3, 0/28 HPs)
             Began as a Ghoul Arcane Marksman on Oct 27, 2019.
             Slain by a giant cockroach (2 damage)
             ... on level 1 of the Dungeon.
             The game lasted 00:01:02 (707 turns).

Monsterracer the Ruffian (Ghoul Arcane Marksman)     Turns: 707, Time: 00:01:02

Health: 0/28       AC:  2    Str: 14    XL:     3   Next: 12%
Magic:  3/3        EV: 12    Int:  8    God:
Gold:   31         SH:  0    Dex:  9    Spells: 3/4 levels left

rFire    . . .     SeeInvis .     - Unarmed
rCold    + . .     Gourm    .   (no shield)
rNeg     + + +     Faith    .   a - +0 robe
rPois    ∞         Spirit   .   (no helmet)
rElec    .         Reflect  .   (no cloak)
rCorr    .         Harm     .   (no gloves)
MR       .....                  (no boots)
Stlth    +.........             (no amulet)
HPRegen  0.00/turn              (no ring)
MPRegen  0.08/turn              (no ring)

@: rotting
A: rotting body, claws 1, carnivore, cold resistance 1, negative energy
resistance 3, inhibited regeneration, torment resistance, unbreathing
a: no special abilities


You were on level 1 of the Dungeon.
You were not hungry.

You visited 1 branch of the dungeon, and saw 1 of its levels.

You collected 31 gold pieces.

Inventory:

Missiles
 d - 2 throwing nets (quivered) {!f}
 f - 5 javelins
Armour
 a - a +0 robe (worn)
Potions
 e - a potion of agility {unknown}
Comestibles
 c - 2 rations


   Skills:
 - Level 1.1 Fighting
 - Level 1.7 Throwing
 - Level 1.7 Dodging
 + Level 3.0 Unarmed Combat
 - Level 1.0 Spellcasting
 - Level 2.4 Hexes


You had 3 spell levels left.
You knew the following spells:

 Your Spells              Type           Power        Failure   Level  Hunger
j - Corona                Hex            #......      16%         1    ##.....

Your spell library contained the following spells:

 Spells                   Type           Power        Failure   Level  Hunger
 Slow                     Hex            #.......     22%         2    ###....
 Inner Flame              Hex/Fire       #.......     58%         3    ####...
 Portal Projectile        Hex/Tloc       #.....       58%         3    ####...
 Cause Fear               Hex            #.........   83%         4    #####..
 Leda's Liquefaction      Hex/Erth       #.........   94%         4    #####..


Dungeon Overview and Level Annotations

Branches:
Dungeon (1/15)

Altars:


Innate Abilities, Weirdness & Mutations

Your body is rotting away.
You thrive on raw meat.
You are immune to poison.
You have sharp fingernails.
You are carnivorous and can eat meat at any time.
Your flesh is cold resistant. (rC+)
You are immune to negative energy. (rN+++)
You do not regenerate when monsters are visible.
You are immune to unholy pain and torment.
You can survive without breathing.


Message History

Found 25 stones.
A frilled lizard comes into view.
The frilled lizard hisses angrily.
A jackal comes into view.
The rat misses you.
Found 21 sling bullets.
You barely miss the rat.
The jackal barks! x2
The rat bites you.
A jackal comes into view.
A hobgoblin comes into view. It is wielding a +0 club.
A rat comes into view.
You closely miss the rat.
The hobgoblin shouts!
The jackal barks!
The rat barely misses you.
A rat comes into view.
You scratch the jackal but do no damage.
The jackal bites you. The rat bites you. The jackal closely misses you.
The jackal misses you. The jackal bites you. The jackal barely misses you.
The jackal barely misses you.
The jackal pauses to sniff the ground.
The jackal closely misses you.
You scratch the jackal.
You kill the jackal!
The jackal bites you. The jackal bites you. The jackal barely misses you.
The jackal misses you. The jackal bites you. The jackal bites you.
The jackal barely misses you.
You closely miss the jackal. The jackal bites you.
* * * LOW HITPOINT WARNING * * *
The jackal closely misses you.
You closely miss the jackal. The jackal bites you.
* * * LOW HITPOINT WARNING * * *
You claw the jackal!
You kill the jackal!
You have reached level 3!
Your experience leads to an increase in your attributes!
Increase (S)trength, (I)ntelligence, or (D)exterity?
You feel stronger.
Okay, then.
You closely miss the jackal.
The jackal bites you but does no damage.
The jackal closely misses you.
The rat twitches its whiskers.
You scratch the jackal.
You kill the jackal!
You claw the frilled lizard!
You kill the frilled lizard!
You scratch the jackal.
The jackal is lightly wounded.
The jackal misses you.
You barely miss the jackal.
The jackal is lightly wounded.
The jackal bites you.
* * * LOW HITPOINT WARNING * * *
The jackal barely misses you.
Unknown command.
You barely miss the jackal.
The jackal is lightly wounded.
The jackal bites you.
* * * LOW HITPOINT WARNING * * *
Unknown command.
You miss the jackal.
The jackal is lightly wounded.
The jackal bites you.
* * * LOW HITPOINT WARNING * * *
Unknown command.
Unknown command.
You scratch the jackal.
The jackal is heavily wounded.
The jackal closely misses you. The jackal barely misses you.
You barely miss the jackal.
The jackal is heavily wounded.
The jackal bites you but does no damage.
You barely miss the jackal.
The jackal is heavily wounded.
The jackal barely misses you.
You scratch the jackal.
You kill the jackal!
You barely miss the rat. The rat bites you.
* * * LOW HITPOINT WARNING * * *
Unknown command.
You scratch the rat.
You kill the rat!
Your Unarmed Combat skill increases to level 3!
Really walk into that teleport trap?
You enter a teleport trap!
The teleport trap disappears.
Your surroundings suddenly seem different.
A giant cockroach comes into view.
Found a stone staircase leading down.
A giant cockroach is nearby!
The giant cockroach waves its antennae.
The giant cockroach barely misses you.
You scratch the giant cockroach.
The giant cockroach is severely wounded.
The giant cockroach bites you.
You die...

#..........##
#................
................##
[..r..........>..#
#..r..r..........#
.g..........(....
................##
######.....(.....#
≈≈≈§.###.......s@#
≈≈§§§.#..#.......#
§○§§§.# ##.....##
...§.## ##...##
###### ########
≈.≈## #..## #+##
#..#.#
...####....#
....#.#..☼.#


You could see a giant cockroach.

Vanquished Creatures
  2 dart slugs (D:1)
  A giant cockroach (D:1)
  3 goblins (D:1)
  2 hobgoblins (D:1)
  4 jackals (D:1)
  4 kobolds (D:1)
  A bat (D:1)
  A frilled lizard (D:1)
  4 rats (D:1)
22 creatures vanquished.

Notes
Turn   | Place    | Note
-------+----------+-------------------------------------------
     0 | D:1      | Monsterracer the Ghoul Arcane Marksman began the quest for
                  | the Orb.
     0 | D:1      | Reached XP level 1. HP: 16/16 MP: 1/1
    46 | D:1      | Reached skill level 1 in Unarmed Combat
    48 | D:1      | HP: 8/16 [kobold/stone (1)]
    57 | D:1      | Reached XP level 2. HP: 7/23 MP: 2/2
   339 | D:1      | Reached skill level 2 in Unarmed Combat
   414 | D:1      | HP: 9/23 [dart slug/slug dart (6)]
   671 | D:1      | HP: 11/23 [jackal (1)]
   673 | D:1      | Reached XP level 3. HP: 10/28 MP: 3/3
   678 | D:1      | HP: 8/28 [jackal (2)]
   680 | D:1      | HP: 3/28 [jackal (3)]
   698 | D:1      | HP: 2/28 [rat (1)]
   699 | D:1      | Reached skill level 3 in Unarmed Combat
   707 | D:1      | Slain by a giant cockroach

Levels and vault maps discovered:
D:1:      shiori_arrival_elements, layout_rooms, hangedman_feature_mirror,
          grunt_decor_one_mirror

Skill      XL: |  1  2  3 |
---------------+----------+-----
Unarmed Combat | 1 2 3 |  3.0
Fighting       | |  1.1
Throwing       | |  1.7
Dodging        | |  1.7
Spellcasting   | |  1.0
Hexes          | |  2.4

Action                   || total
-------------------------++-------
Melee: Unarmed           ||    54
Throw: Javelin           ||     5
       Throwing net      ||     2
  Eat: Chunk             ||     1
Armor: Robe              ||     9
Dodge: Dodged            ||    38
